 Dungeon Crawl Stone Soup version 0.31.0-11-ge490571c62 (webtiles) character file.

Game seed: 12819877034713192269

9 browni3141 the Conjurer (level 2, 0/19 HPs)
             Began as a Demonspawn Conjurer on Jan 30, 2024.
             Succumbed to a goblin's poison
             ... on level 1 of the Dungeon.
             The game lasted 00:00:21 (375 turns).

browni3141 the Conjurer (Demonspawn Conjurer)        Turns: 375, Time: 00:00:22

Health: 0/19       AC:  4    Str:  7    XL:     2   Next: 6%
Magic:  3/5        EV: 17    Int: 18    God:
Gold:   10         SH:  0    Dex: 11    Spells: 4/5 levels left

rFire   . . .        (no weapon)
rCold   . . .        (no shield)
rNeg    . . .        a - +0 robe
rPois   .            (no helmet)
rElec   .            (no cloak)
rCorr   .            (no gloves)
SInv    .            (no boots)
Will    .....        (no amulet)
Stlth   ++           f - +5 ring of evasion
HPRegen 0.23/turn    (no ring)
MPRegen 0.09/turn

%: no passive effects
@: lethally poisoned (0 -> -15)
A: yellow scales 1
a: no special abilities


You were on level 1 of the Dungeon.
You visited 1 branch of the dungeon, and saw 1 of its levels.

You collected 10 gold pieces.

Inventory:

Armour
 a - a +0 robe (worn)
Jewellery
 f - a +5 ring of evasion (left hand)
Scrolls
 c - a scroll of vulnerability {unknown}
 e - a scroll of fog {unknown}
Potions
 b - a potion of magic
 d - a potion of attraction {unknown}


   Skills:
 + Level 2.0 Dodging
 + Level 2.0 Stealth
 + Level 2.1 Spellcasting
 + Level 4.1 Conjurations


You had 4 spell levels left.
You knew the following spells:

 Your Spells              Type           Power      Damage    Failure   Level
a - Magic Dart            Conj           64%        1d6       3%          1

Your spell library contained the following spells:

 Spells                   Type           Power      Damage    Failure   Level
 Searing Ray              Conj           32%        2d5       4%          2
 Fulminant Prism          Conj/Alch      4%         3d5       58%         4
 Iskenderun's Mystic Bla  Conj/Tloc      9%         2d4       58%         4


Dungeon Overview and Level Annotations

Branches:
Dungeon (1/15)

Altars:


Innate Abilities, Weirdness & Mutations

You are partially covered in yellow scales. (AC +2)


Message History

The goblin hits you with a +0 club. The goblin hits you but does no damage.
The goblin closely misses you. The goblin closely misses you.
The goblin hits you with a +0 club. The goblin closely misses you.
The goblin closely misses you. The goblin hits you but does no damage.
The goblin closely misses you. The goblin misses you. The goblin misses you.
The goblin closely misses you. The goblin completely misses you.
The goblin misses you. The goblin hits you but does no damage.
The goblin barely misses you. The goblin closely misses you.
The goblin barely misses you. The goblin closely misses you.
The goblin completely misses you. The goblin closely misses you.
The goblin hits you with a +0 club. The goblin hits you but does no damage.
The goblin barely misses you. The goblin hits you but does no damage.
The goblin misses you. The goblin barely misses you.
The goblin barely misses you. The goblin completely misses you.
The goblin hits you with a +0 club. The goblin barely misses you.
The goblin hits you with a +0 club. The goblin hits you with a +0 club.
The goblin misses you. The goblin barely misses you.
The goblin completely misses you. The goblin misses you.
The goblin closely misses you. The goblin barely misses you.
The goblin barely misses you. The goblin closely misses you.
The goblin hits you but does no damage. The goblin hits you with a +0 club.
The goblin misses you. The goblin misses you. The goblin completely misses you.
The goblin misses you. The goblin barely misses you.
The goblin closely misses you. The goblin hits you with a +0 club.
The goblin misses you. The goblin hits you with a +0 club.
The goblin hits you but does no damage. The goblin hits you with a +0 club.
The goblin closely misses you. The goblin completely misses you.
The goblin hits you but does no damage. The goblin closely misses you.
The goblin hits you but does no damage. The goblin hits you but does no damage.
The goblin hits you but does no damage. The goblin barely misses you.
The goblin misses you. The goblin closely misses you.
The goblin closely misses you. The goblin barely misses you.
The goblin misses you. The goblin barely misses you.
The goblin barely misses you. The goblin hits you with a +0 club.
The goblin closely misses you. The goblin barely misses you.
The goblin hits you with a +0 club. The goblin misses you.
The goblin barely misses you. The goblin misses you. The goblin misses you.
The goblin misses you. The goblin completely misses you.
The goblin closely misses you. The goblin misses you.
The goblin completely misses you. The goblin closely misses you.
The goblin misses you. The goblin closely misses you.
The magic dart hits the goblin.
The goblin is severely wounded.
The goblin closely misses you.
The magic dart hits the goblin.
You kill the goblin!
The goblin hits you but does no damage.
You are poisoned.
You feel sick. The goblin hits you but does no damage.
You are lethally poisoned!
You feel sick. The goblin completely misses you.
You feel sick. The goblin closely misses you.
You feel sick. The goblin closely misses you.
You feel sick. The goblin hits you but does no damage.
You are more poisoned.
You die...

###########.# #.#
#...........# #.#
#.########### #.#
#.# #.# #.####
#.# #....# #.#
####.# #.# #.#
#.##### #@#
#####.##... #g#
#.....##.##
#.######.######.#
#.......#.......#
#..#####.########
#..# #.# .... ...
#..# ##.## #.#


You could see a goblin.

Vanquished Creatures
  A bat (D:1)
  4 goblins (D:1)
  A hobgoblin (D:1)
  A frilled lizard (D:1)
  2 rats (D:1)
9 creatures vanquished.

Notes
Turn   | Place    | Note
-------+----------+-------------------------------------------
     0 | D:1      | browni3141 the Demonspawn Conjurer began the quest for the
                  | Orb.
     0 | D:1      | Reached XP level 1. HP: 13/13 MP: 3/3
   280 | D:1      | Gained mutation: You are partially covered in yellow
                  | scales. (AC +2) [demonic ancestry]
   280 | D:1      | Reached XP level 2. HP: 16/19 MP: 0/5
   375 | D:1      | Succumbed to a goblin's poison

Illustrated notes

Levels and vault maps discovered:
D:1:      erik_arrival_orb_chamber, layout_loops_ring, minmay_pentomino_w2

Skill      XL: |  1 |
---------------+----+-----
Dodging        | 2 |  2.0
Stealth        | 2 |  2.0
Spellcasting   | |  2.1
Conjurations   | |  4.1

Action                     || total
---------------------------++-------
  Melee: Unarmed           ||     7
   Cast: Magic Dart        ||    14
 Armour: Robe              ||    27
  Dodge: Dodged            ||    74
